AoeStats
← NuMa | Gacha

Arabia

508769273Analyzed
2v2 RM · 10d ago on Sep 24, 2026· 54m 11s· 4 players
Game mode
Random Map
Map size
Medium (4 player)
Population
200
Speed
Normal
Resources
Standard
Victory
Conquest
Starting age
Dark Age
Ending age
Imperial Age
RankedLock teamsTeams togetherTeam positionsShared explorationLock speedFull tech treeHidden civsTurbo modeCheats
Victory
Defeat
🇨🇴 Italians · Colombia
1082
+14
🇨🇴 Lithuanians · Colombia
931
+21
🇺🇸 Varangians · United States
1043
-18
🇺🇸 Saxons · United States
1025
-17
NuMa | Gacha
6:54 Loom
10:13 Feudal Age
10:43 Double-Bit Axe
21:46 Castle Age
21:07 Gold Mining
21:58 Crossbowman
25:10 Wheelbarrow
25:14 Bloodlines
26:08 Horse Collar
28:58 Ballistics
29:50 Thumb Ring
31:06 Scale Barding Armor
31:41 Bow Saw
35:15 Stone Mining
36:58 Hand Cart
38:09 Stone Shaft Mining
38:08 Fletching
39:08 Murder Holes
39:10 Bodkin Arrow
42:10 Imperial Age
39:45 Padded Archer Armor
41:11 Leather Archer Armor
42:18 Forging
42:29 Chain Barding Armor
43:53 Chemistry
44:29 Two-Man Saw
43:11 Arbalester
44:52 Cavalier
47:35 Conscription
48:01 Plate Barding Armor
50:49 Iron Casting
54:52 Blast Furnace
53:53 Bracer
54:25 Ring Archer Armor
53:53 Elite Genoese Crossbowman
winter991
7:38 Loom
10:24 Feudal Age
11:08 Double-Bit Axe
16:23 Horse Collar
22:06 Castle Age
20:40 Stone Mining
21:01 Fletching
21:30 Arson
22:29 Forging
22:34 Scale Mail Armor
22:25 Pikeman
25:43 Chain Mail Armor
27:29 Bow Saw
32:33 Padded Archer Armor
37:43 Heavy Plow
42:01 Imperial Age
40:08 Wheelbarrow
39:19 Town Watch
41:37 Bodkin Arrow
41:47 Husbandry
41:58 Bloodlines
42:24 Murder Holes
42:10 Treadmill Crane
43:07 Hand Cart
42:31 Elite Leitis
44:19 Chemistry
45:31 Bracer
46:26 Conscription
48:49 Light Cavalry
50:20 Gold Mining
51:08 Stone Shaft Mining
51:28 Winged Hussar
52:19 Scale Barding Armor
Thranduil16
10:35 Feudal Age
11:07 Double-Bit Axe
11:17 Gold Mining
11:16 Loom
11:17 Town Watch
12:11 Horse Collar
23:09 Castle Age
22:00 Forging
21:50 Scale Mail Armor
22:08 Stone Mining
24:09 Bow Saw
24:41 Gold Shaft Mining
24:16 Heavy Plow
23:51 Man-at-Arms
25:32 Gold Shaft Mining
25:53 Scale Mail Armor
27:14 Elite Skirmisher
27:34 Pikeman
33:25 Padded Archer Armor
33:15 Fletching
37:51 Leather Archer Armor
38:13 Iron Casting
37:00 Long Swordsman
38:55 Wheelbarrow
43:23 Imperial Age
44:50 Conscription
46:05 Ballistics
46:13 Chain Mail Armor
48:22 Halberdier
Holy Order of PIZZASALAD
8:10 Loom
10:09 Feudal Age
8:25 Loom
13:45 Horse Collar
19:40 Castle Age
18:04 Gold Mining
19:48 Bloodlines
19:51 Forging
19:48 Scale Barding Armor
20:26 Husbandry
22:05 Town Watch
22:56 Wheelbarrow
22:20 Double-Bit Axe
25:34 Heavy Plow
26:02 Bow Saw
27:25 Light Cavalry
28:30 Chain Barding Armor
28:50 Iron Casting
31:01 Hand Cart
35:55 Scale Mail Armor
37:42 Fervor
41:12 Imperial Age
39:10 Vendel Legacy
41:20 Arson
41:35 Squires
41:53 Chain Mail Armor
41:31 Fletching
41:14 Cavalier
41:19 Capped Ram
43:48 Plate Barding Armor
44:17 Blast Furnace
44:51 Pikeman
48:18 Plate Mail Armor
50:36 Plate Barding Armor
49:24 Hussar
52:40 Conscription
Connection lost

Rejoining the realm…

Still unreachable

The connection could not be restored.

Session expired

The server has moved on; the page needs a fresh start.